 Dungeon Crawl Stone Soup version 0.29-a0-577-gafbf2c5d25 (webtiles) character file.

Game seed: 16743415255237410558

16 DocClef the Sneak (level 2, 0/26 HPs)
             Began as a Draconian Delver on June 13, 2022.
             Slain by an orc
             ... wielding a +0 whip
              (4 damage)
             ... on level 5 of the Dungeon.
             The game lasted 00:00:16 (76 turns).

DocClef the Sneak (Draconian Delver)                  Turns: 76, Time: 00:00:17

Health: 0/26       AC:  4    Str: 14    XL:     2   Next: 37%
Magic:  2/2        EV: 11    Int: 10    God:
Gold:   0          SH:  3    Dex: 12    Spells: 1/1 levels left

rFire   . . .      SeeInvis .   a - +0 short sword
rCold   . . .      Faith    .   g - +0 buckler
rNeg    . . .      Spirit   .   (body armour unavailable)
rPois   .          Reflect  .   (helmet restricted)
rElec   .          Harm     .   (no cloak)
rCorr   .          Rampage  .   (no gloves)
Will    .....                   (no boots)
Stlth   +++.......              (no amulet)
HPRegen 0.08/turn               (no ring)
MPRegen 0.08/turn               (no ring)

@: no status effects
A: AC +4, unfitting armour, cold-blooded
a: no special abilities


You were on level 5 of the Dungeon.
You visited 1 branch of the dungeon, and saw 1 of its levels.

Inventory:

Hand Weapons
 a - a +0 short sword (weapon)
Armour
 g - a +0 buckler (worn)
Wands
 f - a wand of digging (3)
Scrolls
 b - a scroll of fog
 c - a scroll of magic mapping
 d - a scroll of fear
Potions
 e - a potion of haste


   Skills:
 + Level 3.4 Fighting
 + Level 2.0 Short Blades
 + Level 1.9 Dodging
 + Level 4.9 Stealth


You had one spell level left.
You didn't know any spells.
Your spell library was empty.

Dungeon Overview and Level Annotations

Branches:
Dungeon (5/15)
 Temple: D:4-7

Altars:


Innate Abilities, Weirdness & Mutations

Your plain brown scales are hard. (AC +4)
You cannot fit into any form of body armour.
You are cold-blooded and may be slowed by cold attacks.


Message History

You barely miss the orc.
The orc is severely wounded.
The orc hits you but does no damage.
You barely miss the orc.
The orc is severely wounded.
You closely miss something. You hit something but do no damage.
Your tail-slap misses something.
Something hits you.
You miss something. Something hits you but does no damage.
You barely miss something.
Your tail-slap misses something.
Something hits you but does no damage.
You miss something. You tail-slap something.
The orc wizard gestures wildly while chanting.
The orc wizard flickers and vanishes!
Something hits you but does no damage.
You barely miss something. Something hits you but does no damage.
You miss something.
Your tail-slap misses something.
A magic dart appears from out of thin air!
The magic dart hits something.
Something hits you but does no damage.
You hit something.
Your tail-slap misses something.
An orc comes into view. It is wielding a +0 mace.
Something hits you.
You miss something. Something hits you but does no damage.
The orc shouts!
You hit something.
Reactivating autopickup.
You feel a bit more experienced.
You have reached level 2!
You hit the orc.
The orc is severely wounded.
The orc hits you but does no damage.
You hit the orc.
You kill the orc!
You closely miss the orc. You tail-slap the orc.
The orc is heavily wounded.
The orc hits you with a +0 whip.
* * * LOW HITPOINT WARNING * * *
You hit the orc.
Your tail-slap misses the orc.
The orc is almost dead.
The orc hits you with a +0 whip.
You die...

#....#####.#
#>....# ...
#...#.# ..##
###.#.#.# #.##.
#...#.#.# .#.
#...#.#.# o. #
#...#.#.# #.#.##
#####.#.####.o#o.#
#.#.@o.#.....#
#.####o...# #.#
#...?# #.# #...##
#.# #..## ##.#
##..# #..###...#
#........#
#..####..#


You could see 2 orcs.

Vanquished Creatures
  An orc wizard (D:5)
  An orc (D:5)
2 creatures vanquished.

Notes
Turn   | Place    | Note
-------+----------+-------------------------------------------
     0 | D:5      | DocClef the Draconian Delver began the quest for the Orb.
     0 | D:5      | Reached XP level 1. HP: 19/19 MP: 1/1
    12 | D:5      | Noticed an orc wizard
    12 | D:5      | Noticed an orc wizard
    72 | D:5      | Killed an orc wizard
    73 | D:5      | Reached XP level 2. HP: 10/26 MP: 2/2
    76 | D:5      | Slain by an orc

Illustrated notes

Levels and vault maps discovered:
D:5:      layout_rooms, uniq_duvessa

Action                   || total
-------------------------++-------
Melee: Short sword       ||    20
       Tailslap          ||     4
Armor: Skin              ||     8
Dodge: Dodged            ||     3

Table legend: (Time is in decaauts)
 A = Elapsed time spent in this place.
 B = Non-inter-level travel time spent in this place.
 C = Inter-level travel time spent in this place.
 D = Time resting spent in this place.
 E = Time spent auto-exploring this place.
 F = Levels seen in this place.
 G = Mean time per level.
                   A        B        C        D        E       F      G
               +--------+--------+--------+--------+--------+-----+--------+
         Total |     76 |     76 |      0 |      0 |     26 |   1 |   76.0 |
       Dungeon |     76 |     76 |      0 |      0 |     26 |   1 |   76.0 |
               +--------+--------+--------+--------+--------+-----+--------+

Top non-repeatable levels by time:
     D:5: 76 daAuts
